AoeStats
← 叱咤月海鱼鱼猫

Nomad

508361432Analyzed
4v4 RM · 9d ago on Sep 22, 2026· 38m 38s· 8 players
Game mode
Random Map
Map size
231×231
Population
200
Speed
Normal
Resources
Standard
Victory
Conquest
Starting age
Dark Age
Ending age
Imperial Age
RankedLock teamsTeams togetherTeam positionsShared explorationLock speedFull tech treeHidden civsTurbo modeCheats
Victory
Defeat
🇭🇰 Saracens · Hong Kong SAR China
980
+15
🇫🇷 Celts · France
976
+16
🇨🇦 Burgundians · Canada
974
+16
🇨🇴 Huns · Colombia
958
+16
🇦🇷 Maya · Argentina
1038
-18
🇰🇷 Saracens · South Korea
1012
-18
🇯🇵 Khmer · Japan
923
-14
🇨🇳 Goths · China
898
-29
francis le tueur
17:10 Feudal Age
20:16 Wheelbarrow
19:30 Double-Bit Axe
19:41 Horse Collar
20:02 Gold Mining
20:16 Fishing Lines
22:46 Castle Age
21:36 Stone Mining
22:04 Fletching
22:06 Loom
22:07 Town Watch
24:30 Hand Cart
24:28 Bow Saw
24:21 Heavy Plow
25:00 Bodkin Arrow
25:53 Gold Shaft Mining
27:11 Stone Shaft Mining
30:27 Scale Mail Armor
34:51 Forging
34:57 Chain Mail Armor
38:13 Iron Casting
abbnn
3:50 Loom
15:22 Feudal Age
16:50 Wheelbarrow
17:12 Double-Bit Axe
19:13 Stone Mining
19:15 Gold Mining
23:02 Castle Age
22:53 Scale Barding Armor
24:17 Hand Cart
24:16 Bow Saw
25:22 Forging
25:34 Chain Barding Armor
26:39 Gold Shaft Mining
35:02 Town Watch
LordWhile
4:55 Loom
14:32 Feudal Age
21:24 Castle Age
19:45 Stone Mining
19:50 Double-Bit Axe
20:51 Gold Mining
24:31 Bow Saw
35:00 Wheelbarrow
36:55 Fishing Lines
38:19 Gillnets
Yogurtu Mghe
3:34 Loom
14:37 Feudal Age
19:12 Castle Age
17:19 Double-Bit Axe
23:31 Wheelbarrow
23:11 Forging
23:38 Bloodlines
30:56 Scale Barding Armor
33:33 Hand Cart
33:31 Gold Mining
37:45 Imperial Age
35:59 Marauders
36:38 Iron Casting
36:25 Husbandry
36:49 Chain Barding Armor
38:10 Gold Shaft Mining
37:21 Horse Collar
38:21 Elite Tarkan
Prcmt
4:30 Loom
15:46 Feudal Age
16:20 Fishing Lines
20:08 Castle Age
19:06 Double-Bit Axe
19:15 Horse Collar
20:36 Fletching
22:11 Bodkin Arrow
23:25 Gold Mining
24:03 Crossbowman
25:52 Gold Shaft Mining
26:26 Padded Archer Armor
27:53 Ballistics
35:23 Leather Archer Armor
37:44 Thumb Ring
37:58 Treadmill Crane
lesserpanda1300
6:16 Loom
16:29 Feudal Age
17:16 Horse Collar
20:53 Castle Age
19:42 Gold Mining
21:59 Bloodlines
21:42 Stone Mining
22:05 Forging
21:46 Fletching
24:01 Double-Bit Axe
24:20 Heavy Plow
25:20 Bow Saw
25:49 Wheelbarrow
29:48 Gold Shaft Mining
37:44 Imperial Age
35:49 Murder Holes
36:15 Ballistics
36:36 Iron Casting
35:57 Bodkin Arrow
38:25 Double Crossbow
38:46 Conscription
39:30 Chemistry
maya knight
4:12 Loom
14:42 Feudal Age
16:43 Wheelbarrow
19:30 Castle Age
28:02 Pikeman
29:47 Squires
31:06 Arson
31:24 Scale Mail Armor
36:24 Eagle Warrior
叱咤月海鱼鱼猫
12:51 Loom
16:56 Feudal Age
17:21 Horse Collar
20:42 Wheelbarrow
29:18 Castle Age
28:09 Man-at-Arms
33:19 Heavy Plow
33:20 Double-Bit Axe
33:55 Long Swordsman
34:38 Squires
37:09 Bow Saw
Connection lost

Rejoining the realm…

Still unreachable

The connection could not be restored.

Session expired

The server has moved on; the page needs a fresh start.